 Dungeon Crawl Stone Soup version 0.29-a0-338-g1ff7896281 (webtiles) character file.

Game seed: 17024374381913504030

90 Dordric the Shooter (level 4, -10/36 HPs)
             Began as a Demigod Hunter on Apr 19, 2022.
             Mangled by an iguana (13 damage)
             ... on level 3 of the Dungeon.
             The game lasted 00:01:31 (1983 turns).

Dordric the Shooter (Demigod Hunter)                Turns: 1983, Time: 00:01:32

Health: -10/36     AC:  3    Str: 12    XL:     4   Next: 11%
Magic:  6/6        EV: 12    Int: 11    God:
Gold:   97         SH:  0    Dex: 21    Spells: 3/3 levels left

rFire   . . .      SeeInvis .   a - +1 shortbow
rCold   . . .      Faith    .   (shield currently unavailable)
rNeg    . . .      Spirit   .   b - +0 leather armour
rPois   .          Reflect  .   (no helmet)
rElec   .          Harm     .   (no cloak)
rCorr   .          Rampage  .   (no gloves)
Will    .....                   (no boots)
Stlth   ++........              (no amulet)
HPRegen 0.12/turn               (no ring)
MPRegen 0.10/turn               (no ring)

@: no status effects
A: high MP 1, forlorn, divine attributes
a: no special abilities


You were on level 3 of the Dungeon.
You visited 1 branch of the dungeon, and saw 3 of its levels.

You collected 97 gold pieces.

Inventory:

Hand Weapons
 a - a +1 shortbow (weapon)
Armour
 b - a +0 leather armour (worn)
Scrolls
 c - a scroll of immolation
 d - 2 scrolls of blinking {unknown}
 f - a scroll of fear {unknown}
Potions
 e - 2 potions of curing {unknown}
 g - 3 potions of resistance {unknown}
 h - 2 potions of degeneration {unknown}


   Skills:
 - Level 1.7 Fighting
 + Level 5.3 Bows
 - Level 1.7 Dodging
 - Level 0.8 Stealth


You had 3 spell levels left.
You didn't know any spells.
Your spell library contained the following spells:

 Spells                   Type           Power      Damage    Failure   Level
 Petrify                  Tmut/Erth      0%         N/A       99%         4
 Metabolic Englaciation   Hex/Ice        0%         N/A       100%        5
 Statue Form              Tmut/Erth      0%         N/A       100%        6


Dungeon Overview and Level Annotations

Branches:
Dungeon (3/15)

Shops:
D:3 =


Innate Abilities, Weirdness & Mutations

You have an increased reservoir of magic. (+10% MP)
You shall have no god before yourself.
Your divine heritage dramatically boosts your attributes as you level up.


Message History

You shoot an arrow. The arrow closely misses the iguana.
You shoot an arrow. The arrow hits the iguana.
The iguana is heavily wounded.
You shoot an arrow. The arrow hits the iguana.
The iguana is heavily wounded.
The iguana bites you!
You shoot an arrow. The arrow hits the iguana.
The iguana is heavily wounded.
The iguana barely misses you.
You shoot an arrow.
The arrow hits the iguana but does no damage.
The iguana is heavily wounded.
The iguana bites you!
You are too injured to fight recklessly!
You are too injured to fight recklessly!
You are too injured to fight recklessly!
You are too injured to fight recklessly!
You are too injured to fight recklessly!
You are too injured to fight recklessly!
You are too injured to fight recklessly!
You are too injured to fight recklessly!
You are too injured to fight recklessly!
You are too injured to fight recklessly!
You are too injured to fight recklessly!
You are too injured to fight recklessly!
You are too injured to fight recklessly!
An iguana is nearby!
An iguana is nearby!
The iguana attacks as you move away! The iguana closely misses you.
The iguana attacks as you move away! The iguana barely misses you.
The iguana attacks as you move away! The iguana bites you!
* * * LOW HITPOINT WARNING * * *
The iguana attacks as you move away! The iguana closely misses you.
Shoot: a) +1 shortbow
Press: ? - help, Q - select action Shift-Dir - straight line, f/p - iguana
Aim: an iguana (heavily wounded, 69% to hit)
You shoot an arrow. The arrow hits the iguana!
The iguana is almost dead.
The iguana bites you!
You die...

################
#..............#
#.############.# #.#
#...# #.# # #.# ###.#.#
#.# #.#.###...#.####.#
#.........#.#....#
#.........#@#.####
#.........#l#.#
#.#.###.###.#.###########
#.#.. ..# #.#.........))#
#.####### #.###########.#
#. #.#<..#.......#
#.###.#.#######
....>...#...........#
.###.####.#########.#


You could see an iguana.

Vanquished Creatures
  2 adders
  6 dart slugs
  4 orcs (D:3)
  3 ball pythons (D:1)
  5 endoplasms
  3 giant cockroaches
  5 goblins
  4 hobgoblins (D:1)
  3 quokkas
  3 bats
  6 frilled lizards
  6 kobolds
  6 rats
56 creatures vanquished.

Notes
Turn   | Place    | Note
-------+----------+-------------------------------------------
     0 | D:1      | Dordric the Demigod Hunter began the quest for the Orb.
     0 | D:1      | Reached XP level 1. HP: 17/17 MP: 3/3
    75 | D:1      | Reached skill level 4 in Bows
    78 | D:1      | Reached XP level 2. HP: 24/24 MP: 4/4
   381 | D:1      | Reached XP level 3. HP: 29/29 MP: 5/5
  1340 | D:2      | Reached skill level 5 in Bows
  1787 | D:3      | Found Faohoheun's Jewellery Shop.
  1860 | D:3      | Reached XP level 4. HP: 25/36 MP: 6/6
  1983 | D:3      | Mangled by an iguana

Illustrated notes

Levels and vault maps discovered:
D:1:      tarquinn_simple_flora_water_a, layout_basic
D:2:      layout_basic, basic_altar, kennysheep_generic_room_6
D:3:      layout_basic, serial_shops, shop, kennysheep_minor_cross

Skill      XL: |  1  2  3 |
---------------+----------+-----
Bows           | 4 5 |  5.3
Fighting       | |  1.7
Dodging        | |  1.7
Stealth        | |  0.8

Action                   |  1- 3 |  4- 6 || total
-------------------------+-------+-------++-------
 Fire: Shortbow          |   126 |    10 ||   136
  Use: Scroll            |     1 |       ||     1
Armor: Leather armour    |     5 |       ||     5
Dodge: Dodged            |    16 |     4 ||    20

Table legend: (Time is in decaauts)
 A = Elapsed time spent in this place.
 B = Non-inter-level travel time spent in this place.
 C = Inter-level travel time spent in this place.
 D = Time resting spent in this place.
 E = Time spent auto-exploring this place.
 F = Levels seen in this place.
 G = Mean time per level.
                   A        B        C        D        E       F      G
               +--------+--------+--------+--------+--------+-----+--------+
         Total |   2023 |   1918 |    105 |      0 |   1656 |   3 |  674.3 |
       Dungeon |   2023 |   1918 |    105 |      0 |   1656 |   3 |  674.3 |
               +--------+--------+--------+--------+--------+-----+--------+

Top non-repeatable levels by time:
     D:1: 996 daAuts
     D:2: 823 daAuts
     D:3: 204 daAuts
